 Dungeon Crawl Stone Soup version 0.17-a0-1020-ge683cc4 (webtiles) character file.

124 PhynixH2O the Skirmisher (level 4, -1/37 HPs)
             Began as a Demonspawn Abyssal Knight on May 15, 2015.
             Was a Believer of Lugonu.
             Slain by Sigmund
             ... wielding a +0 scythe
              (4 damage)
             ... on level 3 of the Dungeon.
             The game lasted 00:10:08 (2365 turns).

PhynixH2O the Skirmisher (DsAK)                     Turns: 2365, Time: 00:10:08

Health: -1/37      AC:  5    Str: 14    XL:     4   Next: 81%
Magic:  5/5        EV:  7    Int: 13    God:    Lugonu [**....]
Gold:   247        SH:  0    Dex: 12    Spells: 0 memorised, 3 levels left

rFire  . . .     SeeInvis .     a - +1 spear
rCold  . . .     Clarity  .     d - +0 ring mail
rNeg   . . .     SustAb   .     w - +1 shield
rPois  .         Gourm    .     (helmet restricted)
rElec  .         Spirit   .     (no cloak)
rCorr  .         Warding  .     (no gloves)
rMut   .         Stasis   .     (no boots)
MR     .....                    (no amulet)
Stlth  +.........               (no ring)
                                (no ring)

@: confused, not resistant to hostile enchantments, very unstealthy
A: antennae 2, nightstalker 1
a: Depart the Abyss, Bend Space, Renounce Religion


You were on level 3 of the Dungeon.
You worshipped Lugonu.
Lugonu was pleased with you.
You were not hungry.

You visited 1 branch of the dungeon, and saw 3 of its levels.
You visited the Abyss 1 time.

You collected 247 gold pieces.

Inventory:

Hand weapons
 a - a +1 spear (weapon)
Missiles
 v - a tomahawk (quivered)
Armour
 d - a +0 ring mail (worn)
 w - a +1 shield (worn)
Magical devices
 q - a wand of polymorph (8)
Scrolls
 e - 3 scrolls of identify
 h - a scroll of magic mapping {unknown}
 l - 3 scrolls of remove curse
 m - a scroll of amnesia {unknown}
 o - a scroll of recharging {unknown}
 u - a scroll of teleportation {unknown}
Potions
 b - a potion of haste
 f - a potion of agility {unknown}
 g - a potion of heal wounds {unknown}
 i - a potion of cure mutation {unknown}
 n - 2 potions of ambrosia {unknown}
 s - 3 potions of invisibility {unknown}
 t - a potion of curing {unknown}
Comestibles
 c - a bread ration
 j - a slice of pizza
 p - 5 fruits
 r - a beef jerky
 x - a meat ration


   Skills:
 + Level 4.1 Fighting
 * Level 3.6 Polearms
 - Level 0.1 Throwing
 - Level 1.7 Armour
 - Level 0.8 Dodging
 - Level 0.2 Stealth
 + Level 0.5 Shields
 - Level 2.4 Invocations


You had 3 spell levels left.
You didn't know any spells.

Dungeon Overview and Level Annotations

Branches:
Dungeon (3/15)

Altars:
Gozag

Annotations:
D:3 Sigmund


Innate Abilities, Weirdness & Mutations

You have a pair of antennae on your head.
You are slightly more attuned to the shadows.


Message History

Aim: Sigmund, wielding a scythe and wearing a robe (severely wounded)
You reach to attack!
You hit Sigmund.
Sigmund is severely wounded.
Sigmund casts a spell at you. The puff of flame hits you!
* * * LOW HITPOINT WARNING * * *
Sigmund gestures at you while chanting.
You are confused.
You bump into the rock wall.
You feel less confused.
Sigmund gestures wildly while chanting.
Sigmund flickers and vanishes!
Deactivating autopickup; reactivate with Ctrl-A.
You are confused.
You bump into the rock wall.
You are more confused.
Something tries to affect you, but you resist.
You bump into the rock wall.
You're too confused to move!
Something hits you.
You die...

##.########
#..#
#.........#
#..#
#########.#
.(# #.# #(#
#.# #.# #.#
#.# #.#
#...#.# ####.#
#.#.#@# #@...#
#.#.#{# #.##.#
#.#.#{#
#{##.#.#.#(#.#
#.####.#.#.#.#
#.# #...(...#{
#.# ###.#.###
#.# #.#.#
#.######.#..
#...@....####


There were no monsters in sight!

Vanquished Creatures
  An orc priest (D:3)
  4 adders
  An ooze (D:1)
  2 orcs (D:3)
  3 bats
  2 giant cockroaches
  4 hobgoblins
  A quokka (D:3)
  2 giant newts
  4 goblins
  11 jackals
  10 kobolds
  8 rats
53 creatures vanquished.

Notes
Turn   | Place    | Note
--------------------------------------------------------------
     0 | Abyss:1  | PhynixH2O the Demonspawn Abyssal Knight began the quest for the Orb.
     0 | Abyss:1  | Reached XP level 1. HP: 18/18 MP: 2/2
    28 | Abyss:1  | Noticed a fire elemental
    28 | Abyss:1  | Noticed a water elemental
    31 | D:1      | Escaped the Abyss
   405 | D:1      | Acquired Lugonu's first power
   485 | D:1      | Gained mutation: You have a pair of small antennae on your head. [demonic ancestry]
   485 | D:1      | Reached XP level 2. HP: 22/24 MP: 3/3
  1028 | D:2      | Gained mutation: You are slightly more attuned to the shadows. [demonic ancestry]
  1028 | D:2      | Reached XP level 3. HP: 29/29 MP: 4/4
  1637 | D:2      | Acquired Lugonu's second power
  1812 | D:3      | Found an opulent altar of Gozag.
  1828 | D:3      | Gained mutation: You have a pair of antennae on your head. [demonic ancestry]
  1828 | D:3      | Reached XP level 4. HP: 25/37 MP: 5/5
  1838 | D:3      | Reached skill level 4 in Fighting
  2131 | D:3      | Noticed Sigmund
  2344 | D:3      | HP: 1/37 [Sigmund/puff of flame (12)]
  2365 | D:3      | Slain by Sigmund

Vault maps used:
D:1:      lightli_arrival_quake
D:3:      lemuel_round_altar, lemuel_crystal_altar, first_bread,
          minmay_ruptured, uniq_terence, uniq_sigmund

Action                   |  1- 3 |  4- 6 || total
-------------------------+-------+-------++-------
Melee: Spear             |   145 |    65 ||   210
Throw: Tomahawk          |     2 |     6 ||     8
Invok: Depart the Abyss  |     1 |       ||     1
Evoke: Wand              |     1 |       ||     1
  Use: Scroll            |     3 |       ||     3
  Eat: Chunk             |     3 |     2 ||     5
